 Dungeon Crawl Stone Soup version 0.32-a0-485-g70f7560b1c (webtiles) character file.

Game seed: 13668707464591429044

8639 BubbleThief the Fighter (level 11, 0/109 (118) HPs)
             Began as a Naga Cinder Acolyte on Feb 26, 2024.
             Was a High Priest of Ignis.
             Slain by a spectral orc knight
             ... wielding a +0 halberd
             ... summoned by Nergalle
              (6 damage)
             ... on level 10 of the Dungeon.
             The game lasted 00:17:48 (9661 turns).

BubbleThief the Fighter (Naga Cinder Acolyte)       Turns: 9661, Time: 00:17:48

HP:   0/109 (118)   AC: 16    Str: 17    XL:     11   Next: 34%
MP:   3/24          EV: 14    Int: 24    God:    Ignis [*****.]
Gold: 765           SH:  0    Dex:  7    Spells: 26/28 levels left

rFire   + . .        l - +2 mace (protect)
rCold   . . .        (no shield)
rNeg    . . .        z - +0 steam dragon scales
rPois   +            (no helmet)
rElec   .            s - +1 cloak
rCorr   .            G - +0 pair of gloves
SInv    +            (no barding)
Will    +....        q - amulet of regeneration
Stlth   +            D - +5 ring of evasion
HPRegen 1.18/turn    A - +6 ring of intelligence
MPRegen 0.19/turn

%: no passive effects
@: fiery-armoured, drained, very slow
A: AC +3, large, see invisible, deformed body, poison resistance, slowness 2,
spit poison 1, naga tail 1
a: Spit Poison, Renounce Religion, Fiery Armour, Foxfire Swarm, Rising Flame


You were on level 10 of the Dungeon.
You worshipped Ignis.
Ignis was extremely pleased with you.
You visited 2 branches of the dungeon, and saw 11 of its levels.

You collected 765 gold pieces.

Inventory:

Hand Weapons
 l - a +2 mace of protection (weapon)
Armour
 s - a +1 cloak (worn)
 z - +0 steam dragon scales (worn)
 G - a +0 pair of gloves (worn)
Magical Staves
 i - a staff of fire
Jewellery
 k - a ring of fire
 q - an amulet of regeneration (around neck)
 A - a +6 ring of intelligence (right hand)
 D - a +5 ring of evasion (left hand)
Wands
 m - a wand of flame (15)
 n - a wand of charming (10)
 x - a wand of quicksilver (1)
Scrolls
 c - 5 scrolls of teleportation
 e - 3 scrolls of identify
 f - a scroll of blinking {unknown}
 g - a scroll of poison {unknown}
 j - 2 scrolls of brand weapon {unknown}
 p - 5 scrolls of vulnerability {unknown}
 r - a scroll of torment {unknown}
 t - 2 scrolls of enchant armour {unknown}
 v - 2 scrolls of amnesia {unknown}
 y - 2 scrolls of fear {unknown}
 F - a scroll of silence {unknown}
Potions
 a - 2 potions of haste
 b - 3 potions of degeneration {unknown}
 d - a potion of heal wounds
 h - 4 potions of might
 o - 2 potions of mutation {unknown}
 u - 2 potions of attraction
 w - a potion of cancellation {unknown}
 B - a potion of curing
 C - a potion of invisibility {unknown}
 E - a potion of berserk rage {unknown}


   Skills:
 + Level 13.7 Fighting
 - Level 3.0 Maces & Flails
 - Level 9.0 Spellcasting
 - Level 6.0 Fire Magic


You had 26 spell levels left.
You knew the following spells:

 Your Spells              Type           Power      Damage    Failure   Level
a - Scorch                Fire           78%        2d8       1%          2

Your spell library contained the following spells:

 Spells                   Type           Power      Damage    Failure   Level
 Necrotise                Necr           40%        1d6       6%          1
 Blink                    Tloc           20%        N/A       9%          2
 Lesser Beckoning         Tloc           20%        N/A       9%          2
 Momentum Strike          Conj/Tloc      20%        3d8       9%          2
 Dazzling Flash           Conj/Hex       20%        N/A       17%         3
 Mephitic Cloud           Conj/Alch/Air  10%        N/A       17%         3
 Vampiric Draining        Necr           10%        2d6       17%         3
 Animate Armour           Summ/Erth      20%        N/A       50%         4
 Martyr's Knell           Necr/Summ      10%        N/A       50%         4
 Summon Lightning Spire   Summ/Air       10%        N/A       50%         4
 Curse of Agony           Necr           10%        N/A       85%         5
 Lee's Rapid Deconstruct  Erth           5%         3d6*      85%         5
 Silence                  Hex/Air        5%         N/A       85%         5


Dungeon Overview and Level Annotations

Branches:
Dungeon (10/15)            Temple (1/1) D:5            Lair (0/5) D:9
    Orc: D:9-12

Altars:
Ashenzari
Cheibriados
Dithmenos
Elyvilon
Fedhas
Gozag
Hepliaklqana
Kikubaaqudgha
Makhleb
Nemelex Xobeh
Okawaru
Qazlal
Sif Muna
Trog
Uskayaw
Vehumet
Wu Jian
Xom
Yredelemnul
Zin
The Shining One
Beogh

Shops:
D:6 !   D:8 (

Annotations:
D:10 Nergalle


Innate Abilities, Weirdness & Mutations

Your serpentine skin is tough. (AC +3)
You have supernaturally acute eyesight. (SInv)
Armour fits poorly on your strangely shaped body.
Your system is resistant to poisons. (rPois)
You cover ground very slowly.
You can spit poison.
You have a snake-like lower body.


Message History

You feel drained.
* * * LOW HITPOINT WARNING * * *
Aiming: Quicksilver Bolt
Press: ? - help, Shift-Dir - straight line, f/p - Nergalle
Aim: Nergalle, wielding a +0 dagger and wearing a +0 robe (heavily wounded, 68% to hit)
The bolt of dispelling energy hits Nergalle.
Nergalle is heavily wounded.
You have got your breath back.
Nergalle points at you and mumbles some strange words.
The bolt of negative energy misses you.
The bolt of negative energy hits the spectral orc knight.
The spectral orc knight completely resists.
The spectral orc knight hits you with a +0 halberd!
* * * LOW HITPOINT WARNING * * *
The spectral orc warrior hits you from afar with a +0 trident.
* * * LOW HITPOINT WARNING * * *
You feel drained.
* * * LOW HITPOINT WARNING * * *
The spectral orc knight hits you from afar with a +0 halberd.
* * * LOW HITPOINT WARNING * * *
You feel much better.
Nergalle says, "You'll be just another bloodstain on the stones of this place."
Nergalle completely misses you.
The spectral orc knight completely misses you.
The spectral orc warrior hits you from afar with a +0 trident.
* * * LOW HITPOINT WARNING * * *
The spectral orc knight hits you from afar with a +0 halberd!!
* * * LOW HITPOINT WARNING * * *
A protective cloak of flame settles atop you.
Nergalle hits you but does no damage.
Nergalle is burned by your cloak of flames.
Nergalle is heavily wounded.
The spectral orc warrior hits you from afar with a +0 trident.
* * * LOW HITPOINT WARNING * * *
The spectral orc knight hits you but does no damage.
The spectral orc knight is burned by your cloak of flames.
The spectral orc knight is lightly damaged.
The spectral orc knight hits you from afar with a +0 halberd.
You die...
Ignis goes out, and joins you in death.

#.[###..# #..###
#.####..# #..####
#...(#
#.......###.#...#
##.#.#
#######......o#....#
#.#.# #.#.#o.###..O.#
#.#.#
#...ZZ#####.....#.#.#
#....#'#.###..#.#.#.#
#...###oZ.# #o..#..(##
#....#@#.###.........#
....#ZZ####
..##.##.#.# .........
... #.#.# ###.#### ###
#.#.# #. #.#.#
#######.#.#
..........#
#######.### #.#


You could see Nergalle, a spectral orc warrior (summoned) and 2 spectral orc
knights.

Vanquished Creatures
  Erolcha (D:9)
  3 two-headed ogres
  A cyclops (D:10)
  Maggie (D:7)
  A rime drake (D:9)
  2 trolls
  A hornet (D:8)
  Sigmund (D:3)
  2 wyverns
  2 steam dragons
  Menkaure (D:7)
  An acid dragon (D:7)
  3 water moccasins
  2 black bears
  6 ice beasts
  3 orc warriors
  A sky beast (D:6)
  5 wolves (D:9)
  A centaur (D:9)
  An ogre (D:4)
  A phantom (D:4)
  Blork the orc (D:4)
  A kobold brigand (D:8)
  2 bullfrogs
  A gnoll sergeant (D:8)
  2 scorpions
  6 wights
  4 howler monkeys
  A bombardier beetle (D:2)
  8 hounds
  3 jellies
  3 orc priests
  An iguana (D:4)
  A sleepcap (D:6)
  An orc wizard (D:6)
  Ijyb (D:3)
  9 gnolls
  8 adders
  A ribbon worm (D:3)
  A dart slug (D:2)
  38 orcs
  6 endoplasms
  3 giant cockroaches
  7 goblins
  3 hobgoblins
  7 jackals (D:2)
  11 kobolds
  4 quokkas
  3 ball pythons
  6 bats
  4 frilled lizards
  7 rats
194 creatures vanquished.

Vanquished Creatures (others)
  A troll (D:9)
1 creature vanquished.

Grand Total: 195 creatures vanquished

Notes
Turn   | Place    | Note
-------+----------+-------------------------------------------
     0 | D:1      | BubbleThief the Naga Cinder Acolyte began the quest for the
                  | Orb.
     0 | D:1      | Reached XP level 1. HP: 21/21 MP: 2/2
   259 | D:1      | Reached XP level 2. HP: 22/28 MP: 4/4
   262 | D:1      | Learned a level 2 spell: Scorch
  1009 | D:2      | Reached XP level 3. HP: 34/34 MP: 0/6
  1412 | D:2      | Reached XP level 4. HP: 28/42 MP: 1/8
  1721 | D:2      | Found a faded altar of an unknown god.
  1953 | D:3      | Noticed a scorpion
  1956 | D:3      | Killed a scorpion
  1957 | D:3      | Reached XP level 5. HP: 43/49 MP: 4/10
  2270 | D:3      | Noticed Ijyb
  2276 | D:3      | Killed Ijyb
  2277 | D:3      | Reached XP level 6. HP: 54/56 MP: 2/12
  2468 | D:3      | Noticed Sigmund
  2476 | D:3      | Killed Sigmund
  2477 | D:3      | Reached skill level 5 in Fire Magic
  2926 | D:4      | Noticed a black bear
  2938 | D:3      | Killed a black bear
  2939 | D:3      | Reached skill level 5 in Spellcasting
  2939 | D:3      | Reached XP level 7. HP: 42/62 MP: 4/14
  3081 | D:4      | Found Sugun's Distillery.
  3107 | D:4      | Noticed Blork the orc
  3113 | D:4      | Killed Blork the orc
  3309 | D:4      | Found a glowing golden altar of the Shining One.
  3704 | D:5      | Entered Level 5 of the Dungeon
  3839 | D:5      | Found a basalt altar of Yredelemnul.
  3839 | D:5      | Found a blossoming altar of Fedhas.
  4108 | D:5      | Reached XP level 8. HP: 72/72 MP: 10/17
  4178 | D:5      | Found a staircase to the Ecumenical Temple.
  4314 | D:5      | Reached skill level 4 in Fighting
  4615 | Temple   | Entered the Ecumenical Temple
  4625 | D:6      | Noticed a wyvern
  4631 | D:5      | Killed a wyvern
  4632 | D:5      | Reached skill level 5 in Fighting
  4716 | D:6      | Reached skill level 6 in Fighting
  4839 | D:6      | Found Gosufoen's Distillery.
  5093 | D:6      | Reached skill level 7 in Fighting
  5281 | D:6      | Found an ornate altar of the Wu Jian Council.
  5325 | D:6      | Found a shimmering altar of Xom.
  5410 | D:6      | Reached XP level 9. HP: 81/87 MP: 7/18
  5527 | D:6      | Reached skill level 8 in Fighting
  5696 | D:7      | Noticed Menkaure
  5697 | D:7      | Noticed Maggie
  5707 | D:7      | Killed Maggie
  5709 | D:7      | Killed Menkaure
  5710 | D:7      | Reached skill level 9 in Fighting
  6283 | D:7      | Reached skill level 10 in Fighting
  6861 | D:8      | Found a roughly hewn altar of Beogh.
  7122 | D:8      | Reached XP level 10. HP: 101/103 MP: 0/20
  7485 | D:8      | Found a transporter.
  7489 | D:8      | Found Hat Vulyny's Weapon Boutique.
  7734 | D:8      | Reached skill level 11 in Fighting
  7925 | D:8      | Found a transporter.
  8024 | D:8      | Noticed a two-headed ogre
  8031 | D:8      | Killed a two-headed ogre
  8278 | D:9      | Found a white marble altar of Elyvilon.
  8293 | D:9      | Noticed Erolcha
  8299 | D:9      | Killed Erolcha
  8393 | D:9      | Reached skill level 12 in Fighting
  8547 | D:9      | Found a staircase to the Lair.
  8702 | D:9      | Reached XP level 11. HP: 103/115 MP: 14/24
  9126 | D:9      | Noticed a two-headed ogre
  9136 | D:9      | Killed a two-headed ogre
  9137 | D:9      | Reached skill level 13 in Fighting
  9362 | D:9      | Found a shimmering blue altar of Sif Muna.
  9411 | D:10     | Entered Level 10 of the Dungeon
  9489 | D:10     | Noticed a cyclops
  9505 | D:10     | Killed a cyclops
  9632 | D:10     | Noticed a two-headed ogre
  9632 | D:10     | Noticed Nergalle
  9640 | D:10     | Found a sparkling altar of Nemelex Xobeh.
  9654 | D:10     | Killed a two-headed ogre
  9659 | D:10     | HP: 5/109 [spectral orc warrior/+0 trident[Nergalle] (1)]
  9661 | D:10     | Slain by a spectral orc knight

Illustrated notes

Levels and vault maps discovered:
D:1:      psy_arrival_conway, layout_loops_corners, minmay_misc_feat_five,
          hangedman_decor_growths
D:2:      layout_rooms, basic_ecumenical_altar
D:3:      layout_basic, skrybe_limestone_x, kennysheep_flooded_box,
          uniq_sigmund, uniq_ijyb
D:4:      layout_rooms, nicolae_tso_carved_into_rock, serial_shops,
          nicolae_diamond_shop, uniq_blork_the_orc
D:5:      layout_gridville, chequers_temple_overflow_statue_of_worship,
          temple_fountains, chequers_serial_rivers_marsh
D:6:      layout_basic, mainiacjoe_overflow_swirl, serial_shops,
          nicolae_square_shop
D:7:      layout_rooms, nicolae_overflow_hidden_temple, uniq_maggie,
          uniq_menkaure
D:8:      layout_basic, serial_shops, nicolae_shop_drivethru, special_room
          [special_room_orc]
D:9:      layout_gridville, nicolae_sif_muna_little_library,
          mainiacjoe_overflow_small_starburst, hellmonk_lair_entry_icy,
          uniq_erolcha
D:10:     layout_loops_ring, nemelex_diamond_rough_becter,
          introduction_to_nature_2, uniq_nergalle
Temple:   nicolae_temple_figure_eight

Skill      XL: |  1  2  3  4  5  6  7  8  9 10 11 |
---------------+----------------------------------+-----
Spellcasting   | 2 3 4 5 6 7 9 |  9.0
Fire Magic     | 4 5 6 |  6.0
Fighting       | 7 10 12 13 | 13.7
Maces & Flails | |  3.0

Action                     |  1- 3 |  4- 6 |  7- 9 | 10-12 || total
---------------------------+-------+-------+-------+-------++-------
  Melee: Mace              |    24 |     2 |    24 |    31 ||    81
         Staff             |     3 |     5 |    18 |       ||    26
   Cast: Scorch            |    22 |    30 |   157 |   114 ||   323
 Invoke: Fiery Armour      |       |       |       |     1 ||     1
Ability: Spit Poison       |    29 |    21 |    37 |    26 ||   113
  Evoke: Wand              |       |       |     6 |     3 ||     9
    Use: Scroll            |       |       |     5 |       ||     5
         Potion            |       |       |     1 |     1 ||     2
 Armour: Robe              |    37 |    29 |    51 |       ||   117
         Steam dragon scal |       |       |    81 |   101 ||   182
  Dodge: Dodged            |    20 |    15 |    64 |    95 ||   194

Table legend: (Time is in decaauts)
 A = Elapsed time spent in this place.
 B = Non-inter-level travel time spent in this place.
 C = Inter-level travel time spent in this place.
 D = Time resting spent in this place.
 E = Time spent auto-exploring this place.
 F = Levels seen in this place.
 G = Mean time per level.
                   A        B        C        D        E       F      G
               +--------+--------+--------+--------+--------+-----+--------+
         Total |  11724 |  11274 |    450 |    204 |   9714 |  11 | 1065.8 |
       Dungeon |  11723 |  11273 |    450 |    204 |   9714 |  10 | 1172.3 |
        Temple |      1 |      1 |      0 |      0 |      0 |   1 |    1.0 |
               +--------+--------+--------+--------+--------+-----+--------+

Top non-repeatable levels by time:
     D:8: 1868 daAuts
     D:9: 1336 daAuts
     D:3: 1286 daAuts
     D:1: 1276 daAuts
     D:7: 1237 daAuts
     D:6: 1237 daAuts
     D:5: 1196 daAuts
     D:2: 1130 daAuts
     D:4: 850 daAuts
    D:10: 302 daAuts
  Temple: 1 daAuts
